Description

Pressure build with expo Based on Parting's adept twister - tweaked to add additional gas to support 3 gate stalker

https://drop.sc/replay/22565853

Build Order

Get SALT Encoding   

  14  0:17  Pylon  
  15  0:36  Probe no chrono  
  15  0:37  Gateway  
  17  1:10  Nexus move to proxy  
  17  1:15  Assimilator  
  17  1:18  Probe resume probes  
  18  1:29  Cybernetics Core  
  19  1:39  Pylon proxy  
  20  1:53  Gateway proxy  
  21  2:04  Warp Gate (Chrono Boost) chrono 1/3  
  21  2:06  Adept (Chrono Boost)  
  24  2:19  Gateway  
  25  2:28  Stalker main gateway  
  37  2:33  Assimilator  
  29  2:43  Stalker proxy gateway  
  33  2:54  Pylon  
  37  3:22  Stalker 1st warp in 3x Stalker  
  37  3:25  Shield Battery in main  
  45  3:45  Stalker 2nd warp in 3x Stalker  
  53  4:00  Pylon  
  53  4:05  Assimilator or battery  
Spawning Tool Build Advisor. Get it on Overwolf

Go to:

Details

  • Created by: mcmxi
  • Published on: Jan 12, 2022
  • Modified on: Nov 03, 2022
  • Patch: 4.11.0
  • Difficulty: Hard
Show
View Real Time Build Order
Export as new Build Order

Comments (4)

On Feb. 2, 2022, 4:07 p.m., mcmxi  said:

Addressing the battery concerns - If you want faster battery open double adept instead of adept stalker and delay the 2nd gas until you have the battery down.

Thanks for the feedback! I am only using the build for 3's and 4's currently where you can get away with being lazy. I think it's a decent replacement for the 4 gate and leaves you in a better position afterwards. For 2v2 it would make more sense to open double adept with faster battery, but 3's and 4's you will need all stalkers for the void noobs, which is the purpose of the build.
Good luck!

On Jan. 23, 2022, 2:52 p.m., meadbert  said:

I have been playing around with my slight alteration and there are some issues.

So being protected against an Oracle is good in theory but in practice the Shield Battery is a win-more move since gateway rushes beat fast Oracle anyway. Even if they kill 10 workers I should just be able to win with my attack. So I am not sure the Battery is flipping games that much.

The other issue is that against Phoenix the Adepts (particularly my build with 2) are problematic. Two Phoenix with 1 lift each can lift and kill 2 Adepts while 2 Phoenix with 1 lift each cannot even kill 1 Stalker even if they use both lifts. Even 3 Phoenix must blow 2 lifts to kill 1 Stalker.

The Adepts are very good at securing the proxy Pylon against Reapers and Lings so that is a plus and if Phoenix kill the Overlord it is nice to have Adepts to secure high ground vision. I am going to keep testing this out. It looks promising, but I have not fleshed out all the ins and outs yet.

On Jan. 23, 2022, 10:07 a.m., meadbert  said:

Here is a slight alteration I am considering with a 2nd units as an Adept and delayed second gas:

2nd unit Adept allows for better protection of proxy pylon and also you can alternate shading with the 2 Adepts for permanent high ground vision in case your Zerg loses his overlord.

https://burnysc2.github.io/sc2-planner/?&race=protoss&bo=002eJyLrlbKTFGysjDRUSqpLEhVslIqzy/KTi1SqtUhJGNmAJcpLikqTS4pLUqFSxrD5RKTSzLz84gxzwiPeeQ40NQSj4FmhmTZZk6eI41wBQfeQKRlWJUWpBclpiA0GZngcqKxISKoSvMySxBacPqK6g4nw3XkpBhzExw+xWk91TMOmemSHBkyos/Q0hCf443McBlJjgyu2CBVnJopgWjxWACoiq4X

On Jan. 23, 2022, 10:05 a.m., meadbert  said:

Fantastic build!

I rode a similar build to Masters 2 in team games, but I think your version is better. One of the biggest strengths of this build is that you are immune to a gas steal. Here is the Burney Build Order Planner of your build:
https://burnysc2.github.io/sc2-planner/?&race=protoss&bo=002eJy1k8EKgzAMht8lZw9r7er0VcYOomWUgUqWMsbYu+/WXkzV0F3zkz9f/pDrB/wI3cVUQO/FQQevGR8O4VttKfYUlSdhGCigi2IdtX4gP097/HTGTwJ4bjOGVommNTJIzcWRDfGfWYXljv2YmrThEGuVogqTp9TCblUcnKdrzDqc8L6ZyzODeLTiTyXIu6yiLUcgUbhEj9ZVq2RfdPzYu+u3H2kfre0=

A concern I have is the Shield Battery timing. It does not finish until either 3:52 in your version or 3:54 according to Burney. Either is a bit too late for an Oracle which typically arrives around 3:45.

A second question is should the 2nd unit be a Stalker or an Adept? We could slightly delay 2nd gas and go 2nd Stalker instead of Adept saving a combined 50 minerals which then could allow for a battery before the first Stalker Warp In.

Create an account to comment!